 Dungeon Crawl Stone Soup version 0.26-a0-597-gb535b0901c (webtiles) character file.

Game seed: 2068808095943372395

571 Gorglomux the Cutter (level 7, -1/33 HPs)
             Began as a Spriggan Brigand on Aug 26, 2020.
             Was an Initiate of Dithmenos.
             Killed themself with a badly aimed iceblast (15 damage)
             ... on level 4 of the Dungeon.
             The game lasted 00:11:13 (5086 turns).

Gorglomux the Cutter (Spriggan Brigand)             Turns: 5086, Time: 00:11:14

Health: -1/33      AC:  3    Str:  7    XL:     7   Next: 12%
Magic:  8/8        EV: 18    Int: 13    God:    Dithmenos [......]
Gold:   129        SH:  0    Dex: 19    Spells: 6/6 levels left

rFire    . . .     SeeInvis +   a - +2 dagger
rCold    . . .     Faith    +   (shield restricted)
rNeg     . . .     Spirit   .   b - +0 robe
rPois    .         Reflect  .   (helmet restricted)
rElec    .         Harm     .   c - +0 cloak
rCorr    .                      (gloves unavailable)
MR       +....                  (boots unavailable)
Stlth    +++.......             n - amulet of faith
HPRegen  0.11/turn              (no ring)
MPRegen  0.11/turn              (no ring)

@: very quick
A: very small, unfitting armour, see invisible, speed 3
a: Renounce Religion


You were on level 4 of the Dungeon.
You worshipped Dithmenos.
Dithmenos was noncommittal.
You visited 2 branches of the dungeon, and saw 5 of its levels.

You collected 129 gold pieces.

Inventory:

Hand Weapons
 a - a +2 dagger (weapon)
Armour
 b - a +0 robe (worn)
 c - a +0 cloak (worn)
Jewellery
 n - an amulet of faith (around neck)
Wands
 r - a wand of random effects (16)
Scrolls
 e - a scroll of immolation {unknown}
 f - 2 scrolls of teleportation {unknown}
 i - a scroll of blinking {unknown}
 m - a scroll of fog {unknown}
 s - a scroll of remove curse {unknown}
 t - a scroll of amnesia {unknown}
 R - a scroll of identify
Potions
 d - a potion of invisibility
 g - a potion of ambrosia
 j - a potion of flight {unknown}
 k - a potion of might {unknown}
 o - a potion of magic {unknown}
 p - a potion of brilliance {unknown}
 q - a potion of mutation {unknown}
 Q - 4 potions of curing


   Skills:
 - Level 1.5 Fighting
 + Level 6.7 Short Blades
 + Level 4.9 Throwing
 - Level 3.0 Dodging
 - Level 5.8 Stealth


You had 6 spell levels left.
You didn't know any spells.
Your spell library was empty.

Dungeon Overview and Level Annotations

Branches:
Dungeon (4/15)             Temple (1/1) D:4

Altars:
Cheibriados
Dithmenos
Elyvilon
Fedhas
Hepliaklqana
Makhleb
Nemelex Xobeh
Qazlal
Ru
Trog
Uskayaw
Vehumet
Wu Jian
Yredelemnul
Zin
The Shining One


Innate Abilities, Weirdness & Mutations

You are very small and have problems with some larger weapons.
You are too small for most types of armour.
You have supernaturally acute eyesight. (SInv)
You cover ground extremely quickly.


Message History

Press: ? - help, Shift-Dir - straight line, f/p - orc
Aim: an orc, wielding a +0 dagger (very poisoned)
You throw a poisoned dart.
The poisoned dart closely misses the orc.
The orc hits you with a +0 dagger. The orc wizard misses you.
Throwing (i - inventory. (/) - cycle)
l - 3 poisoned darts (quivered)
Press: ? - help, Shift-Dir - straight line, f - orc wizard, p - orc
Aim: an orc wizard, wielding a +0 dagger and wearing a +0 robe (fast)
You throw a poisoned dart.
The poisoned dart barely misses the orc wizard.
The orc misses you. The orc wizard barely misses you.
You are now empty-handed.
Throwing (i - inventory. (/) - cycle)
F - 2 curare-tipped darts (quivered)
Press: ? - help, Shift-Dir - straight line, f/p - orc wizard
Aim: an orc wizard, wielding a +0 dagger and wearing a +0 robe (fast)
You throw a curare-tipped dart.
The curare-tipped dart barely misses the orc wizard.
The orc wizard barely misses you. The orc barely misses you.
Throwing (i - inventory. (/) - cycle)
F - a curare-tipped dart (quivered)
Press: ? - help, Shift-Dir - straight line, f/p - orc wizard
Aim: an orc wizard, wielding a +0 dagger and wearing a +0 robe (fast)
You throw a curare-tipped dart.
The curare-tipped dart barely misses the orc wizard.
The orc wizard barely misses you. The orc hits you but does no damage.
The orc wizard hits you but does no damage.
Throwing (i - inventory)
l - 2 poisoned darts (quivered)
Press: ? - help, Shift-Dir - straight line, f/p - orc wizard
Aim: an orc wizard, wielding a +0 dagger and wearing a +0 robe (fast)
You throw a poisoned dart.
The poisoned dart closely misses the orc wizard.
The orc wizard hits you with a +0 dagger.
The orc misses you.
Throwing (i - inventory)
l - a poisoned dart (quivered)
Press: ? - help, Shift-Dir - straight line, f/p - orc wizard
Aim: an orc wizard, wielding a +0 dagger and wearing a +0 robe (fast)
You throw a poisoned dart. The poisoned dart hits the orc wizard.
The orc wizard hits you with a +0 dagger.
a - a +2 dagger (weapon)
The orc closely misses you.
The orc wizard gestures at you while chanting.
The puff of frost hits you!
Evoke which item? (* to show all) (? for menu, Esc to quit)
Aiming: Random Effects
Press: ? - help, Shift-Dir - straight line, f/p - orc wizard
Aim: an orc wizard, wielding a +0 dagger and wearing a +0 robe (fast)
The mass of ice explodes!
The iceblast engulfs the orc wizard!
You kill the orc wizard!
Dithmenos accepts your kill. The iceblast engulfs you!
You die...

# #..........##..........>. #
#######..........#####.##...#.#
###................# #....#...#
.##....##..........#####(........
..##...###..................#####
.._#..#............###......####.
..##....#........................
.##.....#........................
###...#.....)..[@..###......#....
#...##........o).###........###
######........)>(...[....(#####
##.........####......###..
####....(.# ##......##..#
#######(.##...##......##
#...........####...#####
#........†...........# #
.........(##.........####


You could see an orc (very poisoned).

Vanquished Creatures
  Eustachio (D:4)
  A phantom (D:4)
  A scorpion (D:4)
  3 orc wizards (D:4)
  4 gnolls (D:4)
  7 adders
  2 worms (D:2)
  4 dart slugs
  4 leopard geckos
  15 orcs
  A ball python (D:3)
  5 giant cockroaches
  10 goblins
  5 hobgoblins
  4 jackals (D:3)
  7 kobolds
  3 quokkas
  12 bats
  5 frilled lizards
  8 rats
  A butterfly (D:4)
103 creatures vanquished.

Notes
Turn   | Place    | Note
-------+----------+-------------------------------------------
     0 | D:1      | Gorglomux the Spriggan Brigand began the quest for the Orb.
     0 | D:1      | Reached XP level 1. HP: 10/10 MP: 2/2
   299 | D:1      | Reached XP level 2. HP: 14/14 MP: 3/3
   634 | D:1      | Reached skill level 3 in Dodging
   702 | D:1      | Reached skill level 3 in Short Blades
  1273 | D:2      | Reached XP level 3. HP: 18/18 MP: 4/4
  1897 | D:2      | Reached skill level 4 in Short Blades
  2158 | D:2      | Reached XP level 4. HP: 17/22 MP: 5/5
  2747 | D:2      | Found a sparkling altar of Nemelex Xobeh.
  3420 | D:3      | Reached XP level 5. HP: 19/25 MP: 6/6
  3659 | D:3      | Reached skill level 5 in Short Blades
  4134 | D:4      | Reached skill level 3 in Throwing
  4396 | D:4      | Noticed Eustachio
  4422 | D:4      | Noticed a phantom
  4436 | D:4      | Killed Eustachio
  4436 | D:4      | Reached skill level 6 in Short Blades
  4436 | D:4      | Reached XP level 6. HP: 30/30 MP: 7/7
  4550 | D:4      | Found a staircase to the Ecumenical Temple.
  4596 | Temple   | Entered the Ecumenical Temple
  4672 | Temple   | Became a worshipper of Dithmenos the Shadowed
  4815 | D:4      | Reached XP level 7. HP: 20/33 MP: 8/8
  4974 | D:4      | Found a glowing silver altar of Zin.
  5086 | D:4      | Killed themself with a badly aimed iceblast

Illustrated notes

Levels and vault maps discovered:
D:1:      mrwooster_arrival_arrow, layout_basic, kennysheep_minor_cross
D:2:      layout_loops_ring, nemelex_xobeh_ov_fountains_minmay
D:3:      layout_loops_ring
D:4:      layout_rooms, marbit_many_paths, minmay_temple_entry_butterflies,
          serial_shops, shop, uniq_eustachio
Temple:   nicolae_temple_great_sept

Skill      XL: |  1  2  3  4  5 |
---------------+----------------+-----
Dodging        | 2 3 |  3.0
Short Blades   | 3 4 6 |  6.7
Throwing       | 4 |  4.9
Fighting       | |  1.5
Stealth        | |  5.8

Action                   |  1- 3 |  4- 6 |  7- 9 || total
-------------------------+-------+-------+-------++-------
Melee: Dagger            |   116 |   184 |     6 ||   306
Throw: Dart              |    31 |    98 |    20 ||   149
Evoke: Wand              |       |     4 |       ||     4
  Use: Scroll            |       |     3 |       ||     3
 Stab: Sleeping          |     6 |     5 |       ||    11
       Distracted        |       |     1 |       ||     1
       Paralysed         |       |     1 |       ||     1
Armor: Robe              |     9 |    21 |     2 ||    32
Dodge: Dodged            |    66 |   145 |    12 ||   223

Table legend: (Time is in decaauts)
 A = Elapsed time spent in this place.
 B = Non-inter-level travel time spent in this place.
 C = Inter-level travel time spent in this place.
 D = Time resting spent in this place.
 E = Time spent auto-exploring this place.
 F = Levels seen in this place.
 G = Mean time per level.
                   A        B        C        D        E       F      G
               +--------+--------+--------+--------+--------+-----+--------+
         Total |   3819 |   3734 |     85 |      0 |   2875 |   5 |  763.8 |
       Dungeon |   3765 |   3685 |     80 |      0 |   2835 |   4 |  941.2 |
        Temple |     54 |     49 |      5 |      0 |     40 |   1 |   54.0 |
               +--------+--------+--------+--------+--------+-----+--------+

Top non-repeatable levels by time:
     D:2: 1298 daAuts
     D:3: 918 daAuts
     D:1: 867 daAuts
     D:4: 681 daAuts
  Temple: 54 daAuts
